AoeStats
← ivcrk826

Runestones

507447500Analyzed
1v1 RM · 13d ago on Sep 18, 2026· 58m 51s· 2 players
Game mode
Random Map
Map size
Tiny (2 player)
Population
200
Speed
Normal
Resources
Standard
Victory
Conquest
Starting age
Dark Age
Ending age
Imperial Age
RankedLock teamsTeams togetherTeam positionsShared explorationLock speedFull tech treeHidden civsTurbo modeCheats
Victory
Defeat
🇦🇷 Malians · Argentina
1087
+15
🇩🇪 Cumans · Germany
1065
-15
steven.K
11:32 Feudal Age
9:48 Loom
16:30 Double-Bit Axe
19:04 Castle Age
17:53 Double-Bit Axe
21:14 Town Watch
22:04 Wheelbarrow
22:03 Fletching
36:09 Steppe Husbandry
45:18 Bodkin Arrow
46:18 Scale Barding Armor
46:13 Padded Archer Armor
46:46 Ballistics
46:21 Murder Holes
46:48 Ballistics
50:58 Town Patrol
51:13 Hand Cart
ivcrk826
6:40 Loom
9:28 Feudal Age
9:33 Man-at-Arms
10:14 Double-Bit Axe
17:47 Arson
23:04 Castle Age
21:38 Fletching
22:58 Bloodlines
23:06 Long Swordsman
36:03 Imperial Age
34:36 Scale Barding Armor
35:17 Forging
35:39 Town Watch
36:28 Cavalier
38:41 Husbandry
46:18 Capped Ram
47:24 Chain Barding Armor
54:37 Conscription
56:42 Farimba
57:06 Town Patrol
58:05 Wheelbarrow
Connection lost

Rejoining the realm…

Still unreachable

The connection could not be restored.

Session expired

The server has moved on; the page needs a fresh start.